TOP OF THE 1ST |
BlackIron Dragons batting - Pitching for Memphis Blues : RHP Luis Fernández
|
Pitching: RHP Luis Fernández
|
|
Batting: RHB Leroy Jamison
|
0-0: Fly out, F9 (Flyball, 89XD)
|
Batting: RHB Edgardo Carrasco
|
0-0: Ball 1-0: Ground out 6-3 (Groundball, 6)
|
Batting: RHB Cole Ball
|
0-0: Called Strike 0-1: Ball 1-1: Called Strike 1-2: Strikes out looking
|
Top of the 1st over - 0 run(s), 0 hit(s), 0 error(s), 0 left on base; BlackIron 0 - Memphis 0 |
BOTTOM OF THE 1ST |
Memphis Blues batting - Pitching for BlackIron Dragons : RHP Fernando Mendoza
|
Pitching: RHP Fernando Mendoza
|
|
Batting: RHB Jorge Fuentes
|
0-0: Ball 1-0: Ball 2-0: Called Strike 2-1: Ball 3-1: Called Strike 3-2: Base on Balls
|
Batting: RHB Dave Wookey
|
Pickoff Throw to First - Error! E1 Jorge Fuentes to second 0-0: Ball 1-0: Fly out, F7 (Flyball, 7M)
|
Batting: RHB Michael Elliott
|
0-0: Ball 1-0: Ball 2-0: Ball 3-0: Base on Balls
|
Batting: RHB Bob Orr
|
0-0: Ball 1-0: Fielders Choice at 2nd, 3-6 (Groundball, 34) Jorge Fuentes to third
|
Batting: RHB Dave O'Neill
|
0-0: Ground out 6-3 (Groundball, 6)
|
Bottom of the 1st over - 0 run(s), 0 hit(s), 1 error(s), 2 left on base; BlackIron 0 - Memphis 0 |
TOP OF THE 2ND |
BlackIron Dragons batting - Pitching for Memphis Blues : RHP Luis Fernández
|
Batting: RHB Dallas Blair
|
0-0: Swinging Strike 0-1: Ball 1-1: Foul Ball, location: 2F 1-2: Ball 2-2: Strikes out swinging
|
Batting: LHB Aurelio Torrez
|
0-0: Swinging Strike 0-1: Ball 1-1: Called Strike 1-2: Ball 2-2: Strikes out swinging
|
Batting: RHB José Colón
|
0-0: Called Strike 0-1: Foul Ball, location: 2F 0-2: Strikes out swinging
|
Top of the 2nd over - 0 run(s), 0 hit(s), 0 error(s), 0 left on base; BlackIron 0 - Memphis 0 |
BOTTOM OF THE 2ND |
Memphis Blues batting - Pitching for BlackIron Dragons : RHP Fernando Mendoza
|
Batting: RHB John Phillips
|
0-0: Foul Ball, location: 2F 0-1: Swinging Strike 0-2: Ball 1-2: Foul Ball, location: 2F 1-2: Strikes out swinging
|
Batting: RHB Sadao Kato
|
0-0: Ball 1-0: Ball 2-0: Foul Ball, location: 2F 2-1: Foul Ball, location: 2F 2-2: Strikes out swinging
|
Batting: RHB Glenn Johnson
|
0-0: Called Strike 0-1: Called Strike 0-2: Hit by Pitch
|
Batting: RHB Dale O'Feennaghty
|
0-0: Foul Ball, location: 2F 0-1: Swinging Strike 0-2: Strikes out swinging
|
Bottom of the 2nd over - 0 run(s), 0 hit(s), 0 error(s), 1 left on base; BlackIron 0 - Memphis 0 |
TOP OF THE 3RD |
BlackIron Dragons batting - Pitching for Memphis Blues : RHP Luis Fernández
|
Batting: RHB Joaquín Rosales
|
0-0: Ball 1-0: Called Strike 1-1: Swinging Strike 1-2: Strikes out swinging
|
Batting: RHB Boyd Pittman
|
0-0: Fly out, F8 (Flyball, 8RS)
|
Batting: RHB Alfredo Rangel
|
0-0: Called Strike 0-1: Swinging Strike 0-2: Foul Ball, location: 2F 0-2: Ball 1-2: Ball 2-2: Strikes out looking
|
Top of the 3rd over - 0 run(s), 0 hit(s), 0 error(s), 0 left on base; BlackIron 0 - Memphis 0 |
BOTTOM OF THE 3RD |
Memphis Blues batting - Pitching for BlackIron Dragons : RHP Fernando Mendoza
|
Batting: RHB Jorge Fuentes
|
0-0: Ball 1-0: Swinging Strike 1-1: Swinging Strike 1-2: Foul Ball, location: 2F 1-2: Strikes out swinging
|
Batting: RHB Dave Wookey
|
0-0: Swinging Strike 0-1: Swinging Strike 0-2: Fly out, F6 (Line Drive, 6)
|
Batting: RHB Michael Elliott
|
0-0: Ball 1-0: Ball 2-0: Swinging Strike 2-1: SINGLE (Groundball, 56D)
|
Batting: RHB Bob Orr
|
0-0: Ball 1-0: Called Strike 1-1: Ball 2-1: Foul Ball, location: 2F 2-2: Foul Ball, location: 2F 2-2: Hit by Pitch Michael Elliott to second
|
Batting: RHB Dave O'Neill
|
0-0: Swinging Strike 0-1: Ball 1-1: Called Strike 1-2: Ball 2-2: Strikes out swinging
|
Bottom of the 3rd over - 0 run(s), 1 hit(s), 0 error(s), 2 left on base; BlackIron 0 - Memphis 0 |
TOP OF THE 4TH |
BlackIron Dragons batting - Pitching for Memphis Blues : RHP Luis Fernández
|
Batting: RHB Leroy Jamison
|
0-0: Called Strike 0-1: Ball 1-1: Fly out, F9 (Flyball, 9D)
|
Batting: RHB Edgardo Carrasco
|
0-0: Foul Ball, location: 2F 0-1: Ball 1-1: Foul Ball, location: 2F 1-2: Strikes out looking
|
Batting: RHB Cole Ball
|
0-0: Foul Ball, location: 2F 0-1: Ball 1-1: Ball 2-1: Fly out, F7 (Line Drive, 7S)
|
Top of the 4th over - 0 run(s), 0 hit(s), 0 error(s), 0 left on base; BlackIron 0 - Memphis 0 |
BOTTOM OF THE 4TH |
Memphis Blues batting - Pitching for BlackIron Dragons : RHP Fernando Mendoza
|
Batting: RHB John Phillips
|
0-0: Foul Ball, location: 2F 0-1: Ground out 5-3 (Groundball, 56)
|
Batting: RHB Sadao Kato
|
0-0: Fly out, F7 (Flyball, 78S)
|
Batting: RHB Glenn Johnson
|
0-0: Called Strike 0-1: Ball 1-1: Foul Ball, location: 2F 1-2: Strikes out swinging
|
Bottom of the 4th over - 0 run(s), 0 hit(s), 0 error(s), 0 left on base; BlackIron 0 - Memphis 0 |
TOP OF THE 5TH |
BlackIron Dragons batting - Pitching for Memphis Blues : RHP Luis Fernández
|
Batting: RHB Dallas Blair
|
0-0: Ball 1-0: Foul Ball, location: 2F 1-1: Ball 2-1: Foul Ball, location: 2F 2-2: Ball 3-2: Foul Ball, location: 2F 3-2: Strikes out looking
|
Batting: LHB Aurelio Torrez
|
0-0: Ball 1-0: Ground out 4-3 (Groundball, 4M)
|
Batting: RHB José Colón
|
0-0: Ball 1-0: Foul Ball, location: 2F 1-1: Foul Ball, location: 2F 1-2: Ground out 6-3 (Groundball, 6)
|
Top of the 5th over - 0 run(s), 0 hit(s), 0 error(s), 0 left on base; BlackIron 0 - Memphis 0 |
BOTTOM OF THE 5TH |
Memphis Blues batting - Pitching for BlackIron Dragons : RHP Fernando Mendoza
|
Batting: RHB Dale O'Feennaghty
|
0-0: Bunt missed! 0-1: Swinging Strike 0-2: Foul Ball, location: 2F 0-2: Foul Ball, location: 2F 0-2: Ground out 6-3 (Groundball, 6)
|
Batting: RHB Jorge Fuentes
|
0-0: Ground out 3-1 (Groundball, 34)
|
Batting: RHB Dave Wookey
|
0-0: Called Strike 0-1: Ball 1-1: Ground out 6-3 (Groundball, 6)
|
Bottom of the 5th over - 0 run(s), 0 hit(s), 0 error(s), 0 left on base; BlackIron 0 - Memphis 0 |
TOP OF THE 6TH |
BlackIron Dragons batting - Pitching for Memphis Blues : RHP Luis Fernández
|
Batting: RHB Joaquín Rosales
|
0-0: Called Strike 0-1: Ball 1-1: Called Strike 1-2: Strikes out looking
|
Batting: RHB Boyd Pittman
|
0-0: Ball 1-0: Called Strike 1-1: Foul Ball, location: 2F 1-2: Strikes out swinging
|
Batting: RHB Alfredo Rangel
|
0-0: Ball 1-0: Ball 2-0: Ground out 6-3 (Groundball, 6)
|
Top of the 6th over - 0 run(s), 0 hit(s), 0 error(s), 0 left on base; BlackIron 0 - Memphis 0 |
BOTTOM OF THE 6TH |
Memphis Blues batting - Pitching for BlackIron Dragons : RHP Fernando Mendoza
|
Batting: RHB Michael Elliott
|
0-0: Called Strike 0-1: Ball 1-1: Foul Ball, location: 2F 1-2: Ground out 6-3 (Groundball, 6)
|
Batting: RHB Bob Orr
|
0-0: Ball 1-0: Foul Ball, location: 2F 1-1: DOUBLE (Line Drive, 8RD)
|
Batting: RHB Dave O'Neill
|
0-0: Intentional Walk
|
Batting: RHB John Phillips
|
0-0: Foul Ball, location: 2F 0-1: Ball 1-1: Ball 2-1: Called Strike 2-2: Ball 3-2: Base on Balls Bob Orr to third Dave O'Neill to second
|
Batting: RHB Sadao Kato
|
0-0: Ball 1-0: Ground out 4-3 (Groundball, 4M) Bob Orr scores Dave O'Neill to third John Phillips to second
|
Batting: RHB Glenn Johnson
|
0-0: Ball 1-0: Ground out 6-3 (Groundball, 6)
|
Bottom of the 6th over - 1 run(s), 1 hit(s), 0 error(s), 2 left on base; BlackIron 0 - Memphis 1 |
TOP OF THE 7TH |
BlackIron Dragons batting - Pitching for Memphis Blues : RHP Luis Fernández
|
Batting: RHB Leroy Jamison
|
0-0: Foul Ball, location: 2F 0-1: Ground out 6-3 (Groundball, 6)
|
Batting: RHB Edgardo Carrasco
|
0-0: Ball 1-0: Ball 2-0: Ball 3-0: Called Strike 3-1: Called Strike 3-2: Foul Ball, location: 2F 3-2: Foul Ball, location: 2F 3-2: Ground out 5-3 (Groundball, 5)
|
Batting: RHB Cole Ball
|
0-0: Ball 1-0: Ball 2-0: Foul Ball, location: 2F 2-1: Swinging Strike 2-2: Foul Ball, location: 2F 2-2: SINGLE (Groundball, 56S)
|
Pinch Hitting: LHB Ramón Pérez
|
0-0: Called Strike 0-1: Reached on error, E4 (Groundball, 4) Cole Ball to second
|
Batting: LHB Aurelio Torrez
|
0-0: Foul Ball, location: 2F 0-1: Ball 1-1: Swinging Strike 1-2: Foul Ball, location: 2F 1-2: Ball 2-2: Strikes out swinging
|
Top of the 7th over - 0 run(s), 1 hit(s), 1 error(s), 2 left on base; BlackIron 0 - Memphis 1 |
BOTTOM OF THE 7TH |
Memphis Blues batting - Pitching for BlackIron Dragons : RHP Fernando Mendoza
|
Pitching: LHP Manny Luján
|
|
Now in CF: Manuel Cortéz
|
|
Batting: RHB Dale O'Feennaghty
|
0-0: Foul Ball, location: 2F 0-1: Foul Ball, location: 2F 0-2: Ball 1-2: Foul Ball, location: 2F 1-2: Ball 2-2: Ball 3-2: Strikes out swinging
|
Batting: RHB Jorge Fuentes
|
0-0: Called Strike 0-1: Ball 1-1: Ball 2-1: Ball 3-1: SINGLE (Line Drive, 7S)
|
Batting: RHB Dave Wookey
|
0-0: Ball Jorge Fuentes is caught stealing 2nd base 1-0: Foul Ball, location: 2F 1-1: Foul Ball, location: 2F 1-2: Strikes out swinging
|
Bottom of the 7th over - 0 run(s), 1 hit(s), 0 error(s), 0 left on base; BlackIron 0 - Memphis 1 |
TOP OF THE 8TH |
BlackIron Dragons batting - Pitching for Memphis Blues : RHP Luis Fernández
|
Now at C: Elliott Rucker
|
|
Now at 3B: Iván García
|
|
Batting: RHB José Colón
|
0-0: Ground out 6-3 (Groundball, 6)
|
Batting: RHB Joaquín Rosales
|
0-0: SINGLE (Flyball, 7S)
|
Pinch Hitting: RHB Ed Sims
|
0-0: Called Strike 0-1: Fly out, F8 (Line Drive, 8RM)
|
Pinch Hitting: RHB Brian Jackson
|
0-0: Ball 1-0: Called Strike 1-1: Foul Ball, location: 2F 1-2: Foul Ball, location: 2F 1-2: Ground out 5-3 (Groundball, 5L)
|
Top of the 8th over - 0 run(s), 1 hit(s), 0 error(s), 1 left on base; BlackIron 0 - Memphis 1 |
BOTTOM OF THE 8TH |
Memphis Blues batting - Pitching for BlackIron Dragons : LHP Manny Luján
|
Now at 2B: Ed Sims
|
|
Now at SS: Eugene Payne
|
|
Batting: RHB Michael Elliott
|
0-0: Ball 1-0: Ball 2-0: Ball 3-0: Base on Balls
|
Batting: RHB Bob Orr
|
0-0: Called Strike 0-1: Swinging Strike 0-2: Strikes out looking
|
Batting: RHB Dave O'Neill
|
0-0: Ball 1-0: Ball 2-0: Called Strike 2-1: Ball 3-1: Called Strike 3-2: Base on Balls Michael Elliott to second
|
Batting: RHB John Phillips
|
0-0: Ball 1-0: Grounds into double play, U6-3 (Groundball, 6)
|
Bottom of the 8th over - 0 run(s), 0 hit(s), 0 error(s), 1 left on base; BlackIron 0 - Memphis 1 |
TOP OF THE 9TH |
BlackIron Dragons batting - Pitching for Memphis Blues : RHP Luis Fernández
|
Pitching: RHP Lorenzo Diéguez
|
|
Now at SS: Brent Crawford
|
|
Batting: RHB Leroy Jamison
|
0-0: Called Strike 0-1: Foul Ball, location: 2F 0-2: Strikes out looking
|
Batting: RHB Edgardo Carrasco
|
0-0: Ball 1-0: Called Strike 1-1: Called Strike 1-2: Ball 2-2: Ball 3-2: Ground out U3 (Groundball, 3)
|
Batting: RHB Cole Ball
|
0-0: Swinging Strike 0-1: Swinging Strike 0-2: SOLO HOME RUN (Flyball, 8LXD), Distance : 433 ft
|
Pinch Hitting: RHB Francisco Quintero
|
0-0: Called Strike 0-1: Ball 1-1: Ball 2-1: Swinging Strike 2-2: SOLO HOME RUN (Flyball, 89XD), Distance : 433 ft
|
Batting: LHB Aurelio Torrez
|
0-0: Ball 1-0: Ball 2-0: Called Strike 2-1: Ground out U3 (Groundball, 3S)
|
Top of the 9th over - 2 run(s), 2 hit(s), 0 error(s), 0 left on base; BlackIron 2 - Memphis 1 |
BOTTOM OF THE 9TH |
Memphis Blues batting - Pitching for BlackIron Dragons : LHP Manny Luján
|
Pitching: RHP Luis Canseco
|
|
Now in CF: Culley Vaughan
|
|
Pinch Hitting: LHB Félix García
|
0-0: Called Strike 0-1: Called Strike 0-2: Ball 1-2: Ball 2-2: Ball 3-2: Foul Ball, location: 2F 3-2: Base on Balls
|
Batting: RHB Iván García
|
0-0: Bunted foul 0-1: Sac Bunt - play at first, batter OUT! 1-4 Félix García to second
|
Pinch Hitting: RHB Raúl Perales
|
0-0: Called Strike 0-1: Foul Ball, location: 2F 0-2: Ball 1-2: Ball 2-2: Foul Ball, location: 2F 2-2: Fly out, F9 (Flyball, 9M)
|
Batting: RHB Jorge Fuentes
|
0-0: Called Strike 0-1: Foul Ball, location: 2F 0-2: Ball 1-2: Ball 2-2: Foul Ball, location: 2F 2-2: Foul Ball, location: 2F 2-2: Ground out 1-3 (Groundball, 15S)
|
Bottom of the 9th over - 0 run(s), 0 hit(s), 0 error(s), 1 left on base; BlackIron 2 - Memphis 1 |
|